 Dungeon Crawl Stone Soup version 0.31-a0-986-g5e6e4ef867 (webtiles) character file.

Game seed: 18345000468014688786

90349 quinnr the Stormcaller (level 16, -8/105 HPs)
             Began as a Tengu Air Elementalist on Nov 22, 2023.
             Was a High Priest of Vehumet.
             Mangled by a ghost moth (9 damage)
             ... on level 3 of the Lair of Beasts on Nov 24, 2023.
             The game lasted 01:22:35 (27699 turns).

quinnr the Stormcaller (Tengu Air Elementalist)    Turns: 27699, Time: 01:22:36

Health: -8/105     AC: 10    Str:  7 (8)  XL:     16   Next: 0%
Magic:  0/39       EV: 35    Int: 22 (23) God:    Vehumet [*****.]
Gold:   1479       SH:  0    Dex:  8 (12) Spells: 1/33 levels left

rFire   + . .        b - +5 dagger (venom)
rCold   + + +        e - orb {*channel}
rNeg    . . .        Y - +4 skin of Zhor {*Englaciate rC+++ SInv}
rPois   .            J - +1 hat
rElec   +            (no cloak)
rCorr   .            l - +2 pair of gloves of the Eagle {MP+9 Slay-6 Stlth+}
SInv    +            (boots unavailable)
Will    ++...        H - amulet of magic regeneration
Stlth   ++++++       F - ring of protection from fire
HPRegen 0.37/turn    I - ring of Hocly {+Blink rElec Will+ Dex-4 Stlth+}
MPRegen 0.66/turn

%: acrobat, channel magic (20%)
@: acrobatic, flying
A: beak, talons 3, evasive flight, acrobatic
a: Renounce Religion, Evoke Blink


You were on level 3 of the Lair of Beasts.
You worshipped Vehumet.
Vehumet was extremely pleased with you.
You visited 6 branches of the dungeon, and saw 22 of its levels.
You also visited: Gauntlet.

You collected 2283 gold pieces.
You spent 804 gold pieces at shops.


Innate Abilities, Weirdness & Mutations

You have a beak for a mouth.
You have claws for feet.
Your magical flight helps you evade attacks. (EV +4)
You can magically evade attacks while moving or waiting.


   Skills:
 + Level 13.7 Fighting
 - Level 3.0 Short Blades
 - Level 5.0 Armour
 + Level 14.9 Dodging
 - Level 8.8 Stealth
 - Level 9.0 Spellcasting
 - Level 6.0 Conjurations
 - Level 5.6 Summonings
 - Level 17.0 Air Magic
 - Level 5.0 Poison Magic
 - Level 5.0 Evocations


You had one spell level left.
You knew the following spells:

 Your Spells              Type           Power      Damage    Failure   Level
a - Airstrike             Air            35%        2d(6-22)  1%          4
c - Maxwell's Capacitive  Air            35%        ∞         21%         8
f - Freezing Cloud        Conj/Ice/Air   21%        6-21      6%          5
i - Swiftness             Air            71%        N/A       1%          3
l - Summon Lightning Spi  Summ/Air       56%        N/A       4%          4
m - Mephitic Cloud        Conj/Pois/Air  50%        N/A       1%          3
p - Poisonous Vapours     Pois/Air       100%       N/A       1%          2
t - Static Discharge      Conj/Air       100%       3-8/arc   1%          2
z - Shock                 Conj/Air       100%       1d9       1%          1

Your spell library contained the following spells:

 Spells                   Type           Power      Damage    Failure   Level
 Spellforged Servitor     Conj/Summ      17%        N/A       85%         7
 Dazzling Flash           Conj/Hex       46%        N/A       4%          3
 Stone Arrow              Conj/Erth      46%        3d9       4%          3
 Scorch                   Fire           18%        2d5       7%          2
 Flame Wave               Conj/Fire      23%        2d8       11%         4
 Volatile Blastmotes      Fire/Tloc      18%        2d11      12%         3
 Blink                    Tloc           18%        N/A       24%         2
 Wereblood                Tmut           9%         N/A       24%         2
 Irradiate                Conj/Tmut      11%        3d15      24%         5
 Tukima's Dance           Hex            9%         N/A       41%         3
 Animate Armour           Summ/Erth      44%        N/A       41%         4
 Lee's Rapid Deconstruct  Erth           4%         3d5*      56%         5
 Yara's Violent Unravell  Hex/Tmut       4%         3d4       56%         5
 Starburst                Conj/Fire      11%        6d5       71%         6
 Manifold Assault         Tloc           9%         N/A       75%         4
 Passage of Golubria      Tloc           9%         N/A       75%         4
 Petrify                  Tmut/Erth      9%         N/A       75%         4
 Alistair's Intoxication  Tmut/Pois      13%        N/A       75%         5
 Summon Cactus Giant      Summ           17%        N/A       86%         6
 Malign Gateway           Summ/Tloc      11%        N/A       100%        7
 Lehudib's Crystal Spear  Conj/Erth      11%        10d4      100%        8
 Summon Horrible Things   Summ           17%        N/A       100%        8

Inventory:

Hand Weapons
 b - a +5 dagger of venom (weapon)
 W - the +6 sling of Springtime {heavy, Dex+2 SInv}
   (You found it on level 3 of the Lair of Beasts)

   Dex+2:     It affects your dexterity (+2).
   SInv:      It lets you see invisible.
 Z - a +2 dagger of freezing
Missiles
 o - 6 darts of dispersal {=f}
 q - 3 throwing nets {=f}
 u - 7 silver javelins
Armour
 e - an orb of energy (worn)
 l - the +2 pair of gloves of the Eagle (worn) {MP+9 Slay-6 Stlth+}
   (You acquired it on level 10 of the Dungeon)

   Slay-6:    It affects your accuracy & damage with ranged weapons and melee
   (-6).
   MP+9:      It affects your magic capacity (+9).
   Stlth+:    It makes you more stealthy.
 v - a scarf of shadows
 x - the +18 shield of the Gong {Loud rN+ Will+ rCorr EV-5}
   (You found it in a Gauntlet)

   Loud:      It is deafeningly noisy when blocking attacks.
   EV-5:      It affects your evasion (-5).
   rN+:       It protects you from negative energy.
   Will+:     It increases your willpower.
   rCorr:     It protects you from acid and corrosion.
 y - quicksilver dragon scales
 J - a +1 hat (worn)
 P - a +0 buckler
 Q - the +0 leather armour "Jasuosec" {*Corrode rPois Str+4 Slay+5}
   (You found it on level 12 of the Dungeon)

   Str+4:     It affects your strength (+4).
   Slay+5:    It affects your accuracy & damage with ranged weapons and melee
   (+5).
   rPois:     It protects you from poison *Corrode: It may corrode you when you
   take damage.
 R - a +2 robe of willpower
 Y - the +4 skin of Zhor (worn) {*Englaciate rC+++ SInv}
   (You acquired it on level 5 of the Lair of Beasts)

   *Englaciate: It radiates cold, occasionally slowing all nearby creatures who
   are not resistant to cold.
   rC+++:     It renders you almost immune to cold.
   SInv:      It lets you see invisible.
Magical Staves
 a - a staff of air {!a}
 B - a staff of death {!a}
Jewellery
 f - the ring of Sucatsenal {Fire rPois rN+ Will- Str+5}
   (You found it in a Gauntlet)

   [ring of fire]

   Fire:      It enhances your fire magic.
   Str+5:     It affects your strength (+5).
   rF+:       It protects you from fire.
   rC-:       It makes you vulnerable to cold.
   rPois:     It protects you from poison rN+: It protects you from negative
   energy.
   Will-:     It decreases your willpower.
 j - an amulet of reflection
 n - a ring of positive energy
 F - a ring of protection from fire (left hand)
 H - an amulet of magic regeneration (around neck)
 I - the ring of Hocly (right hand) {+Blink rElec Will+ Dex-4 Stlth+}
   (You bought it in a shop on level 8 of the Dungeon)

   [ring of willpower]

   Dex-4:     It affects your dexterity (-4).
   rElec:     It insulates you from electricity.
   Will+:     It increases your willpower.
   +Blink:    It lets you blink.
   Stlth+:    It makes you more stealthy.
 N - a ring of positive energy
Wands
 d - a wand of charming (8)
 p - a wand of polymorph (12)
 C - a wand of quicksilver (5)
 D - a wand of roots (29)
 O - a wand of digging (3)
 U - a wand of flame (20)
 X - a wand of mindburst (8)
Scrolls
 h - a scroll of immolation
 k - a scroll of vulnerability
 t - a scroll of blinking {unknown}
 z - 2 scrolls of fog
 A - a scroll of fear
 E - 3 scrolls of enchant armour {unknown}
 G - a scroll of teleportation {@r2}
 T - a scroll of poison
 V - a scroll of identify {@r1}
Potions
 c - a potion of invisibility
 g - a potion of enlightenment
 m - 8 potions of curing {@q1}
 r - a potion of magic
 s - 4 potions of haste {@q3}
 L - a potion of berserk rage {!q}
 S - 4 potions of brilliance
Miscellaneous
 K - a phial of floods
 M - a box of beasts (inert)

Dungeon Overview and Level Annotations

Branches:
Dungeon (12/15)            Temple (1/1) D:5            Lair (5/5) D:8
  Swamp (0/4) Lair:2       Spider (1/4) Lair:3        Slime (0/5) Lair:5
    Orc (2/2) D:10            Elf (1/3) Orc:2       Gauntlet (visited)

Altars:
Ashenzari
Cheibriados
Dithmenos
Elyvilon
Fedhas
Gozag
Hepliaklqana
Kikubaaqudgha
Makhleb
Nemelex Xobeh
Okawaru
Qazlal
Ru
Sif Muna
Trog
Uskayaw
Vehumet
Wu Jian
Xom
Yredelemnul
Zin
The Shining One
Jiyva

Shops:
D:5 =   D:8 =([:   D:9 (***   D:12 *   Orc:1 =   Orc:2 :[([

Portals:
Abyss: D:3
Trove: D:10 (give 4 potions of resistance)

Annotations:
D:3 2 transporters, Tollund's ghost, amateur DjCj
D:7 2 transporters, Grum; zenocrate's ghost, novice VSIE
D:9 exclusion: hydra
Lair:3 exclusion: downstairs
Lair:4 3 runed translucent doors, Agan's ghost, journeyman MeSh; Godezusi's ghost, journeyman DsFi; Quschim's ghost, journeyman MiBe

.....###.....+....# ### #....#...
.....###...P##....###.####...#...
.#...<.##..........#...P##.......
#.........#............###....#..
#....8....#.#.....#.#..'...>.##..
...###.#...###..D..##..###...#...
..#######...##....#...#.#....#.##
.##.######...#.YyH.##.####...#..#
.###...###....##@F...............
...............+SY.Y.............
..8..>..8.....8.....##...........
...............Y.Y.#^##...^...##.
..#....###....#(..##^^.^....^..##
.#####..##...#....#^^...........#
..## ##.....#.....#^^...##^...#.#
...####....##.........^^^##^.....
.....8....##.........#^>^^###.##.


You could see a ghost moth (invisible, extremely poisoned, ally target), a
friendly juvenile oxfire beast (summoned), 5 friendly death yaks, a friendly
five-headed hydra (summoned, wandering, slow), a friendly water moccasin
(summoned, wandering, slow) and a friendly bullfrog (summoned, slow).


Message History

Unknown command.
Unknown command.
Unknown command.
As you read the scroll of summoning, it crumbles to dust.
Wisps of shadow whirl around you...
You radiate an aura of cold.
The ghost moth is unaffected.
Your juvenile oxfire beast is unaffected.
Your death yak seems to slow down.
Your bullfrog seems to slow down.
Your water moccasin seems to slow down.
Your five-headed hydra seems to slow down.
Your death yak seems to slow down. x2
Your juvenile oxfire beast hits the ghost moth but does no damage.
Your juvenile oxfire beast tramples the ghost moth but does no damage.
The ghost moth stares at you.
You feel your power leaking away.
The ghost moth barely misses you. x2; The ghost moth misses you.
Unknown command.
You radiate an aura of cold.
Your bullfrog seems to slow down.
Your water moccasin seems to slow down.
The ghost moth is unaffected.
Your juvenile oxfire beast is unaffected.
Your death yak seems to slow down. x2
Your five-headed hydra seems to slow down.
Your death yak seems to slow down. x2
The ghost moth stares at you.
You feel your power leaking away. The ghost moth hits you!
* * * LOW HITPOINT WARNING * * *
The ghost moth hits you!
You die...

Skill      XL: |  1  2  3  4  5  6  7  8  9 10 11 12 13 14 15 |
---------------+----------------------------------------------+-----
Conjurations   | 2 3 4 6 |  6.0
Dodging        | 3 4 5 7 10 11 12 14 | 14.9
Stealth        | 3 4 7 8 |  8.8
Air Magic      | 5 6 8 10 12 13 14 16 17 | 17.0
Fighting       | 1 3 6 8 11 12 13 | 13.7
Spellcasting   | 3 4 5 7 8 9 |  9.0
Short Blades   | 2 3 |  3.0
Evocations     | 2 5 |  5.0
Poison Magic   | 5 |  5.0
Armour         | 3 5 |  5.0
Summonings     | 4 5 |  5.6

Action                     |  1- 3 |  4- 6 |  7- 9 | 10-12 | 13-15 | 16-18 || total
---------------------------+-------+-------+-------+-------+-------+-------++-------
  Melee: Dagger            |       |     4 |     3 |    70 |    27 |     5 ||   109
         Kick              |       |     2 |       |    34 |    22 |     2 ||    60
         Peck              |       |       |     1 |    22 |    18 |       ||    41
         Staff             |       |       |       |       |    18 |       ||    18
   Cast: Shock             |    64 |   123 |    93 |   206 |    43 |       ||   529
         Static Discharge  |       |     6 |     8 |    28 |    26 |       ||    68
         Airstrike         |       |       |    61 |   222 |   440 |     4 ||   727
         Poisonous Vapours |       |       |       |     7 |   198 |       ||   205
         Swiftness         |       |       |       |     2 |    22 |       ||    24
         Mephitic Cloud    |       |       |       |    15 |    94 |       ||   109
         Summon Lightning  |       |       |       |       |    77 |       ||    77
         Freezing Cloud    |       |       |       |       |       |     1 ||     1
Ability: Evoke Blink       |       |       |       |       |     1 |     1 ||     2
  Evoke: Wand              |       |       |       |     1 |     4 |       ||     5
         Box of beasts     |       |       |       |       |     1 |     1 ||     2
    Use: Scroll            |       |     3 |     8 |     8 |    12 |     2 ||    33
         Potion            |       |       |       |     1 |     3 |     1 ||     5
   Stab: Sleeping          |       |       |       |       |     1 |       ||     1
 Armour: Robe              |     4 |    17 |    21 |   128 |   126 |       ||   296
         Animal skin       |       |       |       |       |    72 |    31 ||   103
  Dodge: Dodged            |    16 |    20 |    31 |   255 |   417 |    58 ||   797

Levels and vault maps discovered:
D:1:      matt_arrival_los_fun, layout_basic,
          dreamdust_ecumenical_altar_hidden_monk_grotto
D:2:      layout_loops_ring, nicolae_elevator_lobby_plus
D:3:      layout_rooms, gammafunk_ghost_abyssal_escape,
          nicolae_figureground_sparkle
D:4:      corexii_shack_village, layout_loops_cross, mainiacjoe_overflow_paths
D:5:      wad_lake_hut, layout_gridville, minmay_temple_entry_stoned_glass,
          serial_shops, shop, nicolae_goblin_pals
D:6:      layout_gridville, st_stairs_9, minmay_misc_feat_columns,
          chequers_serial_rivers_small_3
D:7:      layout_basic, zin_treasury, amcnicky_altar_gilded,
          gammafunk_ghost_gnarly_gnolls, hangedman_decor_riveting,
          uniq_prince_ribbit1
D:8:      layout_rooms, due_lair_maze_entry_diamond,
          nicolae_shop_national_dungeon_mall, roadster_capsule_ark_zombie,
          uniq_pikel, uniq_grum
D:9:      layout_basic, mainiacjoe_overflow_small_starburst,
          lightli_temple_of_fire, kennysheep_little_box, serial_shops, shop,
          nicolae_shop_tiny_statue_garden, shop, nicolae_transmutations_shop
D:10:     layout_cross, nicolae_overflow_two_pavilions, orc_0_dummy,
          enter_trove_3, st_stairs_11, disabler_island
D:11:     layout_loops_corners, amcnicky_mini_pool_medium, uniq_josephine
D:12:     layout_stronghold, nicolae_shop_sticking_my_neck_out
Temple:   nicolae_temple_ecumenical_triangle
Lair:1:   layout_cave_pods, nicolae_quartered_pool_little, grunt_megastairs_3,
          infiniplex_staircase_pool_2
Lair:2:   layout_chaotic_city, minmay_swamp_entry_wisps, gammafunk_ghost_grave,
          uniq_erica
Lair:3:   layout_regular_city, spider_nest_entry_webs, grunt_megastairs_5,
          uniq_gastronok
Lair:4:   layout_misc_corridors, gammafunk_ghost_cemetery
Lair:5:   grunt_lair_end_beastmaster, layout_cave_shapes, slime_entry_1,
          nicolae_lair_lil_pond, uniq_nessos, uniq_kirke
Spider:1: layout_spider_delve, spiders_nest_spider_trap
Orc:1:    layout_caves, portal_ice_cave_demonic_guard, serial_shops,
          nicolae_shop_stone
Orc:2:    st_orc_open, layout_caves, gauntlet_entry_generic
Elf:1:    eino_elf_arrival_sip, layout_loops_cross, hangedman_corner_corridor,
          st_stairs_12, nicolae_elf_altarnating

Notes
Turn   | Place    | Note
-------+----------+-------------------------------------------
     0 | D:1      | quinnr the Tengu Air Elementalist began the quest for the
                  | Orb.
     0 | D:1      | Reached XP level 1. HP: 10/10 MP: 4/4
   244 | D:1      | Reached XP level 2. HP: 15/15 MP: 4/6
   595 | D:1      | Found a faded altar of an unknown god.
   638 | D:1      | Reached skill level 2 in Conjurations
   815 | D:1      | Reached XP level 3. HP: 19/19 MP: 5/7
  1591 | D:2      | Reached XP level 4. HP: 24/24 MP: 3/8
  1946 | D:2      | Reached skill level 3 in Dodging
  2293 | D:3      | Noticed a small abomination
  2360 | D:3      | Found a transporter.
  2494 | D:3      | Learned a level 2 spell: Static Discharge
  2649 | D:3      | Found a one-way gate to the infinite horrors of the Abyss.
  2651 | D:3      | Noticed Tollund's ghost (amateur DjCj)
  2661 | D:3      | Found a transporter.
  2704 | D:3      | Reached skill level 3 in Stealth
  2704 | D:3      | Reached skill level 3 in Conjurations
  2704 | D:3      | Reached skill level 5 in Air Magic
  2704 | D:3      | Reached XP level 5. HP: 24/28 MP: 2/10
  2964 | D:2      | Learned a level 3 spell: Swiftness
  3159 | D:4      | Reached skill level 1 in Fighting
  3159 | D:4      | Reached skill level 3 in Spellcasting
  3289 | D:4      | Noticed an ogre
  3317 | D:4      | Killed an ogre
  3318 | D:4      | Reached skill level 6 in Air Magic
  3318 | D:4      | Reached XP level 6. HP: 34/34 MP: 9/11
  3711 | D:4      | Found a bloodstained altar of Trog.
  3829 | D:5      | Entered Level 5 of the Dungeon
  3855 | D:5      | Found a staircase to the Ecumenical Temple.
  3873 | D:5      | Found Feytsivi's Jewellery Shoppe.
  3879 | Temple   | Entered the Ecumenical Temple
  3930 | D:5      | Reached skill level 7 in Air Magic
  4048 | D:5      | Noticed Robin
  4058 | D:5      | Killed Robin
  4190 | D:5      | Reached skill level 8 in Air Magic
  4266 | D:5      | Gained mutation: Your magical flight helps you evade
                  | attacks. (EV +4) [Tengu growth]
  4266 | D:5      | Reached XP level 7. HP: 31/38 MP: 3/12
  4367 | D:5      | Learned a level 4 spell: Airstrike
  4533 | D:5      | Noticed Ijyb
  4542 | D:5      | Killed Ijyb
  5242 | D:6      | Reached skill level 2 in Fighting
  5242 | D:6      | Reached skill level 1 in Short Blades
  5375 | D:6      | Noticed a two-headed ogre
  5421 | D:5      | Killed a two-headed ogre
  5422 | D:5      | Reached skill level 3 in Fighting
  5422 | D:5      | Reached skill level 2 in Short Blades
  5422 | D:5      | Reached skill level 4 in Dodging
  5422 | D:5      | Reached skill level 4 in Stealth
  5422 | D:5      | Reached skill level 4 in Spellcasting
  5422 | D:5      | Reached XP level 8. HP: 31/46 MP: 0/15
  5575 | D:6      | Reached skill level 9 in Air Magic
  5603 | D:6      | Reached skill level 3 in Short Blades
  5603 | D:6      | Reached skill level 5 in Dodging
  5772 | D:6      | Reached skill level 10 in Air Magic
  6074 | D:6      | Reached XP level 9. HP: 46/52 MP: 2/16
  6213 | D:6      | Reached skill level 4 in Fighting
  6591 | D:6      | Reached skill level 5 in Fighting
  6913 | D:7      | Reached skill level 4 in Conjurations
  7067 | D:7      | Found an ornate altar of the Wu Jian Council.
  7212 | D:7      | Noticed Prince Ribbit
  7252 | D:7      | Found a glowing silver altar of Zin.
  7273 | D:7      | Killed Prince Ribbit
  7274 | D:7      | Reached skill level 5 in Spellcasting
  7274 | D:7      | Reached skill level 11 in Air Magic
  7325 | D:7      | Found a transporter.
  7328 | D:7      | Noticed Grum
  7333 | D:7      | Identified the +6 trident of Proximity {pain, Drain +Blink
                  | rF+}
  7333 | D:7      | Identified the +2 scale mail "Jacvo" {Str+3 Dex+3 SInv}
  7339 | D:7      | Noticed zenocrate's ghost (novice VSIE)
  7569 | D:7      | Reached skill level 12 in Air Magic
  7649 | D:7      | Found a transporter.
  8139 | D:8      | Reached skill level 6 in Fighting
  8199 | D:8      | Reached XP level 10. HP: 60/60 MP: 4/19
  8457 | D:8      | Reached skill level 6 in Spellcasting
  8706 | D:8      | Noticed Pikel
  8815 | D:8      | Reached skill level 7 in Spellcasting
  8914 | D:8      | Killed Pikel
  9024 | D:8      | Found a basalt altar of Yredelemnul.
  9057 | D:8      | Reached skill level 6 in Dodging
  9229 | D:8      | Found a staircase to the Lair.
  9253 | D:8      | Reached skill level 7 in Fighting
  9384 | D:8      | Found Waawn's Antique Armour Boutique.
  9384 | D:8      | Found Miyrea's Jewellery Shop.
  9391 | D:8      | Found Xoihoril's Book Shop.
  9391 | D:8      | Found Apnomoev's Weapon Boutique.
  9463 | D:8      | Noticed a two-headed ogre
  9504 | D:8      | Killed a two-headed ogre
  9505 | D:8      | Reached skill level 7 in Dodging
 10027 | D:9      | Noticed a two-headed ogre
 10046 | D:8      | Killed a two-headed ogre
 10047 | D:8      | Reached skill level 8 in Fighting
 10047 | D:8      | Reached skill level 2 in Evocations
 10047 | D:8      | Reached XP level 11. HP: 68/68 MP: 11/22
 10119 | D:9      | Found a shadowy altar of Dithmenos.
 10230 | D:9      | Reached skill level 8 in Dodging
 10232 | D:9      | Reached skill level 3 in Evocations
 10387 | D:9      | Noticed a two-headed ogre
 10391 | D:9      | Killed a two-headed ogre
 10512 | D:9      | Reached skill level 4 in Evocations
 10956 | D:9      | Found a shimmering altar of Xom.
 10970 | D:9      | Found Tiaczoelurif's Antique Weapon Shop.
 11005 | D:9      | Reached skill level 9 in Dodging
 11173 | D:9      | Found Aseqoih's Assorted Antiques.
 11581 | D:9      | Reached skill level 5 in Evocations
 11688 | D:9      | Found a burning altar of Makhleb.
 11706 | D:9      | Found Raitegu's Assorted Antiques.
 11715 | D:9      | Noticed an eight-headed hydra
 11719 | D:9      | Found Domishap's Changing Room.
 12695 | D:10     | Entered Level 10 of the Dungeon
 12770 | D:5      | Bought an amulet of magic regeneration for 360 gold pieces
 12839 | D:8      | Bought the ring of Hocly {+Blink rElec Will+ Dex-4 Stlth+}
                  | for 444 gold pieces
 12978 | D:10     | Reached skill level 10 in Dodging
 13087 | D:10     | Noticed a white ugly thing
 13098 | D:10     | Identified a scroll of acquirement
 13098 | D:10     | Identified the "Momops" (You acquired it on level 10 of
                  | the Dungeon)
 13098 | D:10     | Acquired the +2 pair of gloves of the Eagle {MP+9 Slay-6
                  | Stlth+}
 13109 | D:10     | Learned a level 3 spell: Mephitic Cloud
 13112 | D:10     | Learned a level 2 spell: Poisonous Vapours
 13712 | D:10     | Reached skill level 13 in Air Magic
 13848 | D:10     | Found a portal to a secret trove of treasure.
 13879 | D:10     | Killed a white ugly thing
 13967 | D:10     | Found a radiant altar of Vehumet.
 13968 | D:10     | Found a snail-covered altar of Cheibriados.
 13974 | D:10     | Became a worshipper of Vehumet
 14015 | D:10     | Found a staircase to the Orcish Mines.
 14077 | D:10     | Noticed a two-headed ogre
 14084 | D:10     | Killed a two-headed ogre
 14085 | D:10     | Reached XP level 12. HP: 73/73 MP: 17/23
 14127 | D:10     | Reached skill level 1 in Poison Magic
 14181 | D:11     | Noticed a boulder beetle
 14197 | D:10     | Killed a boulder beetle
 14325 | D:11     | Reached skill level 5 in Conjurations
 14325 | D:11     | Reached skill level 2 in Poison Magic
 14341 | D:11     | Noticed a boulder beetle
 14351 | D:11     | Killed a boulder beetle
 14352 | D:11     | Reached skill level 14 in Air Magic
 14663 | D:11     | Noticed Josephine
 14665 | D:11     | Reached skill level 5 in Stealth
 14690 | D:11     | Killed Josephine
 14927 | D:11     | Reached skill level 3 in Poison Magic
 15032 | D:11     | Reached skill level 6 in Conjurations
 15182 | D:11     | Reached * piety under Vehumet
 15182 | D:11     | Offered knowledge of Kiss of Death by Vehumet.
 15393 | D:12     | Identified the +0 leather armour "Jasuosec" {*Corrode rPois
                  | Str+4 Slay+5}
 15416 | D:12     | Noticed a two-headed ogre
 15421 | D:12     | Killed a two-headed ogre
 15486 | D:12     | Found Cofuuj's Neck Hole.
 15510 | D:12     | Reached skill level 6 in Stealth
 15516 | D:12     | Reached skill level 4 in Poison Magic
 15517 | D:12     | Reached skill level 11 in Dodging
 15850 | Lair:1   | Entered Level 1 of the Lair of Beasts
 15923 | Lair:1   | Reached skill level 1 in Armour
 16089 | Lair:1   | Reached skill level 2 in Armour
 16324 | Lair:1   | Reached skill level 3 in Armour
 16324 | Lair:1   | Reached skill level 7 in Stealth
 16324 | Lair:1   | Reached skill level 5 in Poison Magic
 16351 | Lair:1   | Reached XP level 13. HP: 78/78 MP: 19/24
 16467 | Lair:1   | Reached skill level 4 in Armour
 17064 | Lair:2   | Noticed Erica
 17070 | Lair:2   | Killed Erica
 17071 | Lair:2   | Reached skill level 12 in Dodging
 17093 | Lair:2   | Reached skill level 5 in Armour
 17236 | Lair:2   | Reached ** piety under Vehumet
 17236 | Lair:2   | Offered knowledge of Sandblast by Vehumet.
 17633 | Lair:2   | Found a staircase to the Swamp.
 17827 | Lair:2   | Found a runed translucent door.
 17852 | Lair:2   | Noticed Walel's ghost (journeyman TeAE)
 18057 | Lair:2   | Killed Walel's ghost
 18164 | Lair:3   | Noticed Gastronok
 18328 | Lair:2   | Reached skill level 9 in Fighting
 18413 | Lair:3   | Identified the "Jygg" (You acquired it on level 3 of the
                  | Lair of Beasts)
 18413 | Lair:3   | Acquired a staff of air
 18438 | Lair:3   | Identified the +6 sling of Springtime {heavy, Dex+2 SInv}
 18482 | Lair:3   | Reached skill level 15 in Air Magic
 18715 | Lair:3   | Offered knowledge of Momentum Strike by Vehumet.
 19073 | Lair:3   | Reached skill level 10 in Fighting
 19077 | Lair:3   | Reached skill level 16 in Air Magic
 19106 | Lair:3   | Killed Gastronok
 19196 | Lair:3   | Found a hole to the Spider Nest.
 19288 | Lair:3   | Reached *** piety under Vehumet
 19736 | Lair:4   | Reached skill level 11 in Fighting
 19746 | Lair:4   | Found a runed translucent gate.
 19747 | Lair:4   | Found a runed translucent gate.
 19748 | Lair:4   | Reached XP level 14. HP: 47/90 MP: 19/25
 19748 | Lair:4   | Found a runed translucent gate.
 20495 | Lair:4   | Reached skill level 12 in Fighting
 20758 | Lair:4   | Offered knowledge of Fulminant Prism by Vehumet.
 20965 | Lair:4   | Noticed Agan's ghost (journeyman MeSh)
 20968 | Lair:4   | Noticed Quschim's ghost (journeyman MiBe)
 20977 | Lair:4   | Learned a level 4 spell: Summon Lightning Spire
 20977 | Lair:4   | Noticed Godezusi's ghost (journeyman DsFi)
 20986 | Lair:4   | Learned a level 8 spell: Maxwell's Capacitive Coupling
 21163 | Lair:5   | Entered Level 5 of the Lair of Beasts
 21237 | Lair:5   | Reached skill level 1 in Summonings
 21553 | Lair:4   | Reached skill level 2 in Summonings
 21832 | Lair:5   | Reached **** piety under Vehumet
 21917 | Lair:5   | Reached skill level 3 in Summonings
 21960 | Lair:5   | Offered knowledge of Sticky Flame by Vehumet.
 22143 | Lair:5   | Noticed Kirke
 22151 | Lair:5   | Killed Kirke
 22152 | Lair:5   | Reached skill level 8 in Stealth
 22393 | Lair:5   | Found a viscous altar of Jiyva.
 22393 | Lair:5   | Found a staircase to the Slime Pits.
 22495 | Lair:5   | Reached skill level 4 in Summonings
 22525 | Lair:5   | Reached skill level 8 in Spellcasting
 22772 | Lair:5   | Noticed Nessos
 22787 | Lair:5   | Killed Nessos
 22795 | Lair:5   | Reached skill level 17 in Air Magic
 22873 | Lair:5   | Noticed a dire elephant
 22883 | Lair:5   | Killed a dire elephant
 22884 | Lair:5   | Reached XP level 15. HP: 96/96 MP: 27/28
 22914 | Lair:5   | Acquired the +4 skin of Zhor {*Englaciate rC+++ SInv}
 22914 | Lair:5   | Found the +4 skin of Zhor {*Englaciate rC+++ SInv}
 22926 | Lair:5   | Identified the +6 scale mail of Fedhas, Growing {Harm
                  | Str+5}
 22963 | Lair:5   | Reached skill level 5 in Summonings
 23180 | Orc:1    | Entered Level 1 of the Orcish Mines
 23354 | Orc:1    | Reached skill level 13 in Dodging
 23367 | Gauntlet | Identified the of Qacie
 23367 | Orc:2    | Entered Level 2 of the Orcish Mines
 23454 | Orc:2    | Found a staircase to the Elven Halls.
 23471 | Orc:2    | Found a gate leading to a gauntlet.
 23490 | Gauntlet | Entered a Gauntlet
 23490 | Gauntlet | Found a transporter.
 23490 | Gauntlet | Found a transporter.
 23494 | Gauntlet | Found a transporter.
 23494 | Gauntlet | Found a transporter.
 23504 | Gauntlet | Found a transporter.
 23514 | Gauntlet | Found a transporter.
 23514 | Gauntlet | Found a transporter.
 23532 | Gauntlet | Found a transporter.
 23539 | Gauntlet | Found a transporter.
 23551 | Gauntlet | Found a transporter.
 23569 | Gauntlet | Found a transporter.
 23591 | Gauntlet | Found a transporter.
 23634 | Gauntlet | Found a transporter.
 23654 | Gauntlet | Found a transporter.
 23733 | Gauntlet | Found the ring of the Tortoise {AC+8}
 23748 | Gauntlet | Found a transporter.
 23770 | Gauntlet | Found a transporter.
 23952 | Gauntlet | Identified the +7 chain mail of Light {rPois rC- Int+4}
 24135 | Gauntlet | Identified the ring of Sucatsenal {Fire rPois rN+ Will-
                  | Str+5}
 24181 | Gauntlet | Found the +18 shield of the Gong {Loud rN+ Will+ rCorr
                  | EV-5}
 24181 | Gauntlet | Identified the +10 plate armour of the Zebra {*Corrode
                  | Str+6}
 24348 | Orc:2    | Noticed an orc warlord
 24379 | Orc:2    | Reached ***** piety under Vehumet
 24382 | Orc:2    | Offered knowledge of Eringya's Noxious Bog by Vehumet.
 24641 | Orc:1    | Found Payhiure's Jewellery Emporium.
 24951 | Orc:2    | Killed an orc warlord
 25084 | Orc:2    | Reached skill level 14 in Dodging
 25162 | Orc:1    | Reached skill level 13 in Fighting
 25776 | Orc:2    | Found Edalia's Antique Weapon Shoppe.
 25807 | Orc:2    | Found Damno's Armour Shoppe.
 25820 | Orc:2    | Found Houzop's Armour Boutique.
 25830 | Orc:2    | Found Erokit's Book Emporium.
 26276 | Vaults:2 | Identified the of Furuf
 26276 | Vaults:4 | Identified the "Fayplul"
 26276 | Vaults:5 | Identified the of Jeuso
 26276 | Depths:2 | Identified the "Fuel"
 26276 | Elf:1    | Entered Level 1 of the Elven Halls
 26284 | Elf:1    | Offered knowledge of Spellforged Servitor by Vehumet.
 26585 | Spider:1 | Entered Level 1 of the Spider Nest
 26597 | Spider:1 | Noticed a ghost moth
 26924 | Lair:3   | Killed a ghost moth
 27412 | Spider:1 | Reached skill level 9 in Spellcasting
 27611 | Spider:1 | Reached XP level 16. HP: 105/105 MP: 26/30
 27649 | Spider:1 | Learned a level 5 spell: Freezing Cloud
 27699 | Lair:3   | HP: 1/105 [ghost moth (11)]
 27699 | Lair:3   | Mangled by a ghost moth

Vanquished Creatures
  Kirke (Lair:5)
  Gastronok (Lair:3)
  A ghost moth (Lair:3)
  An orc warlord (Orc:2)
  Nessos (Lair:5)
  A dire elephant (Lair:5)
  A minotaur (Gauntlet)
  Josephine (D:11)
  2 hydras
  2 boulder beetles
  2 ogre magi (Orc:2)
  13 two-headed ogres
  A dancing weapon (Elf:1)
  Erica (Lair:2)
  11 death yaks
  The ghost of Walel the Zephyrmancer, a journeyman TeAE of Gozag (Lair:2)
  2 orb spiders (Spider:1)
  Pikel (D:8)
  A deep troll (Orc:1)
  A steelbarb worm (Spider:1)
  A deep elf pyromancer (Elf:1)
  A wolf spider (Spider:1)
  2 ugly things
  2 deep elf zephyrmancers (Elf:1)
  2 orc sorcerers (Orc:2)
  A will-o-the-wisp (Lair:2)
  A manticore (D:12)
  A cyclops (Orc:2)
  2 black mambas
  27 elephants
  6 cane toads
  2 unseen horrors (D:11)
  A torpor snail (Lair:5)
  2 kobold demonologists (D:11)
  7 komodo dragons
  An ice devil (Orc:1)
  3 polar bears
  7 trolls
  A hornet (Gauntlet)
  A wolf spider simulacrum (Gauntlet)
  Prince Ribbit (D:7)
  24 blink frogs
  A flying skull (D:8)
  3 wraiths (D:11)
  32 yaks
  2 shadows
  2 jumping spiders
  4 wyverns
  A hog (Lair:5)
  5 basilisks
  4 redbacks (Lair:3)
  A steam dragon (D:6)
  7 vampire mosquitoes
  4 wargs
  12 water moccasins
  2 ice beasts
  15 orc warriors
  A sky beast (D:8)
  6 black bears
  15 ogres
  2 centaurs
  6 wolves
  A lemure (D:8)
  21 bullfrogs
  4 kobold brigands
  2 gnoll sergeants
  4 scorpions
  6 wights
  24 killer bees
  3 electric eels (D:10)
  2 howler monkeys
  2 centaur zombies (D:8)
  3 gnoll boudas
  10 orc priests
  3 hounds
  3 jellies
  4 iguanas
  14 orc wizards
  3 scorpion zombies (D:8)
  Ijyb (D:5)
  2 killer bee zombies (D:8)
  An ogre zombie (D:8)
  2 hound zombies (D:8)
  Robin (D:5)
  2 howler monkey zombies (D:8)
  8 adders
  17 gnolls
  2 white imps
  2 ufetubi (D:6)
  2 adder zombies (D:8)
  A worm (D:4)
  4 dart slugs
  36 orcs
  5 bats
  5 endoplasms
  4 giant cockroaches
  13 goblins
  14 hobgoblins
  5 ball pythons
  A frilled lizard (D:2)
  27 kobolds
  7 rats
538 creatures vanquished.

Vanquished Creatures (collateral kills)
  A catoblepas (Lair:5)
  2 two-headed ogres
  A deep troll shaman (Lair:5)
  7 death yaks
  A deep troll (Orc:1)
  An orb spider (Spider:1)
  A wolf spider (Lair:3)
  A deep elf pyromancer (Elf:1)
  2 cyclopes (Orc:2)
  6 elephants (Lair:5)
  A torpor snail (Gauntlet)
  A cane toad (Lair:4)
  An ice devil (Orc:1)
  6 trolls
  2 tarantellas (Spider:1)
  2 hornets (Gauntlet)
  3 blink frogs (Lair:5)
  2 centaur simulacra (Gauntlet)
  A culicivora (Spider:1)
  2 yaks (Lair:5)
  3 hogs (Lair:5)
  2 redbacks (Lair:3)
  A water moccasin (Lair:4)
  2 orc warriors (Orc:1)
  An ice dragon simulacrum (Gauntlet)
  5 ogres
  2 wolves (Lair:5)
  An orc priest (Orc:1)
  An orc wizard (Orc:2)
  2 gnolls (Orc:1)
  9 orcs
73 creatures vanquished.

Vanquished Creatures (others)
  An orc wizard (Orc:2)
  2 foxfires (Lair:2)
3 creatures vanquished.

Grand Total: 614 creatures vanquished

Table legend: (Time is in decaauts)
 A = Elapsed time spent in this place.
 B = Non-inter-level travel time spent in this place.
 C = Inter-level travel time spent in this place.
 D = Time resting spent in this place.
 E = Time spent auto-exploring this place.
 F = Levels seen in this place.
 G = Mean time per level.
                   A        B        C        D        E       F      G
               +--------+--------+--------+--------+--------+-----+--------+
         Total |  27775 |  25822 |   1953 |   4796 |  15948 |  23 | 1207.6 |
       Dungeon |  16130 |  14909 |   1221 |   1914 |  10646 |  12 | 1344.2 |
        Temple |     17 |      0 |     17 |      0 |      0 |   1 |   17.0 |
          Lair |   8356 |   7866 |    490 |   2315 |   3857 |   5 | 1671.2 |
   Spider Nest |    154 |    154 |      0 |     10 |     56 |   1 |  154.0 |
  Orcish Mines |   2170 |   1970 |    200 |    509 |    909 |   2 | 1085.0 |
   Elven Halls |     85 |     62 |     23 |      0 |      0 |   1 |   85.0 |
      Gauntlet |    860 |    860 |      0 |     48 |    479 |   1 |  860.0 |
               +--------+--------+--------+--------+--------+-----+--------+

Top non-repeatable levels by time:
  Lair:3: 2525 daAuts
     D:8: 2166 daAuts
     D:9: 1916 daAuts
  Lair:4: 1772 daAuts
     D:5: 1615 daAuts
    D:10: 1613 daAuts
     D:7: 1535 daAuts
  Lair:1: 1456 daAuts
     D:1: 1403 daAuts
     D:6: 1360 daAuts
  Lair:5: 1322 daAuts
  Lair:2: 1280 daAuts
   Orc:2: 1237 daAuts
     D:2: 1094 daAuts
    D:11: 1042 daAuts

Table legend:
 A = Non-vault XP
 B = Vault XP
 C = Vault XP percentage of total XP
 D = Non-vault monster count
 E = Vault monster count
 F = Vault count percentage of total count
                 A         B        C        D         E       F
            +---------+---------+-------+---------+---------+-------
      Total |   76378 |   52692 |  40.8 |     449 |     161 |  26.4
            +---------+---------+-------+---------+---------+-------
        D:1 |      43 |       0 |   0.0 |      23 |       0 |   0.0
        D:2 |      89 |       0 |   0.0 |      21 |       0 |   0.0
        D:3 |      99 |       0 |   0.0 |      12 |       0 |   0.0
        D:4 |     205 |      12 |   5.5 |      12 |       6 |  33.3
        D:5 |    1251 |      62 |   4.7 |      18 |       8 |  30.8
        D:6 |    1070 |      53 |   4.7 |      27 |       2 |   6.9
        D:7 |    1308 |     274 |  17.3 |      23 |       1 |   4.2
        D:8 |    2495 |    2557 |  50.6 |      18 |      26 |  59.1
        D:9 |    4291 |       0 |   0.0 |      39 |       0 |   0.0
       D:10 |    5715 |    1435 |  20.1 |      41 |       8 |  16.3
       D:11 |    2154 |    3414 |  61.3 |      14 |       8 |  36.4
       D:12 |    1942 |       0 |   0.0 |       4 |       0 |   0.0
     Lair:1 |    5425 |    2099 |  27.9 |      22 |      11 |  33.3
     Lair:2 |    4200 |    2578 |  38.0 |      18 |       4 |  18.2
     Lair:3 |   13257 |    3075 |  18.8 |      34 |       7 |  17.1
     Lair:4 |    9028 |     297 |   3.2 |      25 |       1 |   3.8
     Lair:5 |   12161 |   12765 |  51.2 |      32 |      23 |  41.8
   Spider:1 |    4005 |       0 |   0.0 |       8 |       0 |   0.0
      Orc:1 |     945 |    6596 |  87.5 |      19 |      14 |  42.4
      Orc:2 |    5868 |    8764 |  59.9 |      38 |      25 |  39.7
      Elf:1 |     827 |    2350 |  74.0 |       1 |       4 |  80.0
   Gauntlet |       0 |    6361 | 100.0 |       0 |      13 | 100.0
            +---------+---------+-------+---------+---------+-------

Levels and vault maps discovered:
D:1:      matt_arrival_los_fun, layout_basic,
          dreamdust_ecumenical_altar_hidden_monk_grotto
D:2:      layout_loops_ring, nicolae_elevator_lobby_plus
D:3:      layout_rooms, gammafunk_ghost_abyssal_escape,
          nicolae_figureground_sparkle
D:4:      corexii_shack_village, layout_loops_cross, mainiacjoe_overflow_paths
D:5:      wad_lake_hut, layout_gridville, minmay_temple_entry_stoned_glass,
          serial_shops, shop, nicolae_goblin_pals
D:6:      layout_gridville, st_stairs_9, minmay_misc_feat_columns,
          chequers_serial_rivers_small_3
D:7:      layout_basic, zin_treasury, amcnicky_altar_gilded,
          gammafunk_ghost_gnarly_gnolls, hangedman_decor_riveting,
          uniq_prince_ribbit1
D:8:      layout_rooms, due_lair_maze_entry_diamond,
          nicolae_shop_national_dungeon_mall, roadster_capsule_ark_zombie,
          uniq_pikel, uniq_grum
D:9:      layout_basic, mainiacjoe_overflow_small_starburst,
          lightli_temple_of_fire, kennysheep_little_box, serial_shops, shop,
          nicolae_shop_tiny_statue_garden, shop, nicolae_transmutations_shop
D:10:     layout_cross, nicolae_overflow_two_pavilions, orc_0_dummy,
          enter_trove_3, st_stairs_11, disabler_island
D:11:     layout_loops_corners, amcnicky_mini_pool_medium, uniq_josephine
D:12:     layout_stronghold, nicolae_shop_sticking_my_neck_out
Temple:   nicolae_temple_ecumenical_triangle
Lair:1:   layout_cave_pods, nicolae_quartered_pool_little, grunt_megastairs_3,
          infiniplex_staircase_pool_2
Lair:2:   layout_chaotic_city, minmay_swamp_entry_wisps, gammafunk_ghost_grave,
          uniq_erica
Lair:3:   layout_regular_city, spider_nest_entry_webs, grunt_megastairs_5,
          uniq_gastronok
Lair:4:   layout_misc_corridors, gammafunk_ghost_cemetery
Lair:5:   grunt_lair_end_beastmaster, layout_cave_shapes, slime_entry_1,
          nicolae_lair_lil_pond, uniq_nessos, uniq_kirke
Spider:1: layout_spider_delve, spiders_nest_spider_trap
Orc:1:    layout_caves, portal_ice_cave_demonic_guard, serial_shops,
          nicolae_shop_stone
Orc:2:    st_orc_open, layout_caves, gauntlet_entry_generic
Elf:1:    eino_elf_arrival_sip, layout_loops_cross, hangedman_corner_corridor,
          st_stairs_12, nicolae_elf_altarnating
